 Dungeon Crawl Stone Soup version 0.27.1-33-g824d729ab1 (webtiles) character file.

Game seed: 4828200107756831895

127 Fractals the Skirmisher (level 4, -7/40 HPs)
             Began as a Draconian Wanderer on Dec 6, 2021.
             Mangled by an ogre (22 damage)
             ... on level 2 of the Dungeon.
             The game lasted 00:06:21 (2228 turns).

Fractals the Skirmisher (Draconian Wanderer)        Turns: 2228, Time: 00:06:21

Health: -7/40      AC:  6    Str: 19    XL:     4   Next: 85%
Magic:  4/4        EV: 12    Int:  9    God:
Gold:   101        SH:  0    Dex: 10    Spells: 3/3 levels left

rFire    x . .     SeeInvis .   a - +2 spear
rCold    + . .     Faith    .   (no shield)
rNeg     . . .     Spirit   .   (armour unavailable)
rPois    .         Reflect  .   (helmet restricted)
rElec    .         Harm     .   (no cloak)
rCorr    .         Rampage  .   g - +0 pair of gloves
Will     .....                  (no boots)
Stlth    ++........             (no amulet)
HPRegen  0.13/turn              e - ring of wizardry
MPRegen  0.09/turn              h - ring of ice

@: no status effects
A: AC +5, unfitting armour, cold-blooded
a: no special abilities


You were on level 2 of the Dungeon.
You visited 1 branch of the dungeon, and saw 2 of its levels.

You collected 101 gold pieces.

Inventory:

Hand Weapons
 a - a +2 spear (weapon)
Missiles
 d - 17 poisoned darts (quivered)
 f - 45 sling bullets
Armour
 g - a +0 pair of gloves (worn)
Jewellery
 e - a ring of wizardry (left hand)
 h - a ring of ice (right hand)
Scrolls
 i - a scroll of identify {unknown}
 j - 2 scrolls of enchant armour {unknown}
 l - a scroll of enchant weapon {unknown}
Potions
 b - 2 potions of lignification
 c - 2 potions of curing
 k - a potion of flight {unknown}


   Skills:
 + Level 4.1 Fighting
 - Level 2.0 Polearms
 - Level 1.7 Bows
 - Level 3.0 Dodging
 + Level 3.1 Stealth


You had 3 spell levels left.
You didn't know any spells.
Your spell library contained the following spells:

 Spells                   Type           Power      Damage    Failure   Level
 Corpse Rot               Necr/Air       N/A        N/A       24%         2
 Ozocubu's Armour         Ice            0%         N/A       43%         3
 Dispel Undead            Necr           0%         3d6       82%         4
 Metabolic Englaciation   Hex/Ice        0%         N/A       98%         5
 Death Channel            Necr           0%         N/A       100%        6
 Simulacrum               Ice/Necr       0%         N/A       100%        6


Dungeon Overview and Level Annotations

Branches:
Dungeon (2/15)

Altars:


Innate Abilities, Weirdness & Mutations

Your plain brown scales are hard. (AC +5)
You cannot fit into any form of body armour.
You are cold-blooded and may be slowed by cold attacks.


Message History

An ogre comes into view. It is wielding a +0 giant spiked club.
The ogre shouts!
Throw: 21 darts (poison)
Press: ? - help, Q - select action Shift-Dir - straight line, f - ogre
Aim: an ogre, wielding a +0 giant spiked club (73% to hit)
You throw a poisoned dart. The poisoned dart hits the ogre.
Throw: 20 darts (poison)
Press: ? - help, Q - select action Shift-Dir - straight line, f/p - ogre
Aim: an ogre, wielding a +0 giant spiked club (73% to hit)
You throw a poisoned dart. The poisoned dart hits the ogre.
The ogre is poisoned.
Throw: 19 darts (poison)
Press: ? - help, Q - select action Shift-Dir - straight line, f/p - ogre
Aim: an ogre, wielding a +0 giant spiked club (lightly wounded, poisoned, 73% to hit)
You throw a poisoned dart.
The poisoned dart completely misses the ogre.
A giant cockroach comes into view.
Throw: 18 darts (poison)
Press: ? - help, Q - select action Shift-Dir - straight line, f/p - ogre
Aim: an ogre, wielding a +0 giant spiked club (lightly wounded, poisoned, 73% to hit)
You throw a poisoned dart.
The poisoned dart barely misses the ogre.
You puncture the ogre!
You tail-slap the ogre, but do no damage.
The ogre is heavily wounded.
The ogre hits you with a +0 giant spiked club!
You completely miss the ogre.
The ogre is heavily wounded.
The ogre hits you with a +0 giant spiked club!
You are too injured to fight recklessly!
You are too injured to fight recklessly!
Unknown command.
The ogre looks more healthy.
The ogre hits you with a +0 giant spiked club.
The ogre barely misses you.
The giant cockroach waves its antennae.
You see here 2 poisoned darts.
The ogre hits you with a +0 giant spiked club!!
Ouch! That really hurt!
You die...

####.# ..##.#
######### #.##.##
#...B...# ......##
#.#####.#
#......###.#####.#
...............#.#
#......###.###.#.#
#.>....# #.# #.#.#
####..## #.###.#@#
####..# #....BO(#
......## #####.###
##.....## #.#
#.......## #.#
.........# ...
.†.......+ ...
.........# #...#
#.......## ##..#


You could see an ogre and a giant cockroach.

Vanquished Creatures
  An adder (D:2)
  8 gnolls
  A worm (D:2)
  A dart slug (D:1)
  3 endoplasms
  2 giant cockroaches (D:2)
  A goblin (D:1)
  2 hobgoblins
  A quokka (D:1)
  4 ball pythons
  5 bats
  5 frilled lizards
  5 kobolds
  3 rats (D:1)
42 creatures vanquished.

Notes
Turn   | Place    | Note
-------+----------+-------------------------------------------
     0 | D:1      | Fractals the Draconian Wanderer began the quest for the
                  | Orb.
     0 | D:1      | Fractals set off with the following items: a +2 spear, a
                  | potion of lignification, a potion of curing, a +0 dagger
     0 | D:1      | Reached XP level 1. HP: 19/19 MP: 1/1
    86 | D:1      | Reached XP level 2. HP: 26/26 MP: 2/2
   776 | D:2      | Reached XP level 3. HP: 31/31 MP: 3/3
   933 | D:2      | Reached XP level 4. HP: 18/38 MP: 4/4
  1386 | D:2      | Found a faded altar of an unknown god.
  1543 | D:2      | Reached skill level 4 in Fighting
  2199 | D:2      | Noticed an ogre
  2228 | D:2      | Mangled by an ogre

Illustrated notes

Levels and vault maps discovered:
D:1:      evilmike_arrival_home_sweet_home, layout_loops_ring, serial_glass,
          glass_columns_a, glass_columns_a, minmay_misc_feat_diagonals,
          minmay_pentomino_u2
D:2:      layout_loops_corners, dreamdust_ecumenical_altar_statues, st_stairs_4

Skill      XL: |  1  2  3  4 |
---------------+-------------+-----
Stealth        | 2 3 |  3.1
Dodging        | 2 3 |  3.0
Fighting       | 4 |  4.1
Polearms       | |  2.0
Bows           | |  1.7

Action                   |  1- 3 |  4- 6 || total
-------------------------+-------+-------++-------
Melee: Spear             |    55 |    71 ||   126
       Tailslap          |     2 |     4 ||     6
Throw: Dart              |     9 |    18 ||    27
 Stab: Sleeping          |     3 |     5 ||     8
Armor: Skin              |     8 |    17 ||    25
Dodge: Dodged            |    18 |    29 ||    47
